 Dungeon Sprint DCSS version 0.31-a0-675-g238779eb0a (webtiles) character file.

Game seed: 10305561629067688145

627 sircluck the Grappler (level 7, -8/80 HPs)
             Began as a Troll Berserker on Sept 5, 2023.
             Was a Priest of Trog.
             Mangled by a wyvern (15 damage)
             ... in the Dungeon (Sprint II: "The Violet Keep of Menkaure").
             The game lasted 00:01:50 (132 turns).

sircluck the Grappler (Troll Berserker)              Turns: 132, Time: 00:01:51

Health: -8/80      AC:  4    Str: 28    XL:     7   Next: 23%
Magic:  6/6        EV: 11    Int:  3    God:    Trog [***...]
Gold:   243        SH:  0    Dex:  9    Spells: 6/6 levels left

rFire   . .          .
                       - Unarmed
rCold   . . .        (no shield)
rNeg    . . .        a - +0 animal skin
rPois   .            (helmet restricted)
rElec   .            (no cloak)
rCorr   .            (gloves unavailable)
SInv    .            (boots unavailable)
Will    .....        (no amulet)
Stlth   +            (no ring)
HPRegen 1.13/turn    (no ring)
MPRegen 0.10/turn

%: no teleportation
@: no status effects
A: large, unfitting armour, claws 3, regeneration 1, shaggy fur 1, tough skin 1,
deterioration 1, inability to read after injury 1
a: Renounce Religion, Berserk, Trog's Hand


You were in the Dungeon.
You worshipped Trog.
Trog was most pleased with you.
You visited 1 branch You collected 243 gold pieces.

Inventory:

Armour
 a - a +0 animal skin (worn)
Scrolls
 g - a scroll of blinking
Potions
 b - a potion of curing
 c - a potion of heal wounds
 d - a potion of haste
 e - 2 potions of magic
 f - a potion of berserk rage


   Skills:
 + Level 8.1 Fighting
 + Level 8.0 Dodging
 + Level 9.6 Unarmed Combat


You had 6 spell levels left.
You didn't know any spells.
Your spell library was empty.

Dungeon Overview and Level Annotations

Branches:
Dungeon (1/1)

Altars:

Shops:
D (([!=[![:?


Innate Abilities, Weirdness & Mutations

You are too large for most types of armour.
You have claws for hands.
Your natural rate of healing is unusually fast.
You are covered in fur. (AC +1)
You have tough skin. (AC +1)
Your body sometimes deteriorates upon taking damage.
You occasionally lose the ability to read scrolls when taking damage.


Message History

Found 81 gold pieces.
You open the door. 2 wyverns come into view.
Found 243 gold pieces.
The wyvern hisses angrily.
The wyvern barely misses you. The wyvern bites you! The wyvern misses you.
There is an open door, spattered with blood here.
You mangle the wyvern!!
The wyvern is almost dead.
The wyvern misses you. The wyvern closely misses you.
You closely miss the wyvern.
The wyvern is almost dead.
The wyvern bites you! The wyvern bites you.
You closely miss the wyvern.
The wyvern is almost dead.
The wyvern bites you! The wyvern barely misses you.
You are too injured to fight recklessly!
You are too injured to fight recklessly!
You are too injured to fight recklessly!
You are too injured to fight recklessly!
You are too injured to fight recklessly!
You are too injured to fight recklessly!
You are too injured to fight recklessly!
You are too injured to fight recklessly!
You are too injured to fight recklessly!
You enter the shallow water.
You scratch the wyvern.
The wyvern is lightly wounded.
The wyvern barely misses you. The wyvern bites you!
* * * LOW HITPOINT WARNING * * *
You scratch the wyvern but do no damage.
The wyvern is lightly wounded.
The wyvern bites you!
* * * LOW HITPOINT WARNING * * *
The wyvern bites you.
* * * LOW HITPOINT WARNING * * *
You barely miss the wyvern.
The wyvern is almost dead.
The wyvern bites you!
You die...

########~~#+++#+++##
#######~~~...†.....#
.....∩#~~~~.##'##..#
....∩.#~~~~##...##.####
...∩.∩#~~~~#.##..#....#
∩.∩.∩.#~~####.######..##
.∩.∩..#~##.###'# ##..#
..∩...#l#.# ##.## #..#
.⌠....+@l# +.<.+ +..#
......#~#$# ##.## #...
▓▓▓▓###~##.# #+# ##..§
J######~~### ###~~.§ $#
##~~~# #~~~~~§ #+#~##
##~~§~~~ #~~##+##~~~≈≈≈§
##~~~~~~~~~~≈§§
#+++#+++#§§§§§


You could see a slime creature and 2 wyverns.

Vanquished Creatures
  4 neqoxecs (D)
  2 water moccasins (D)
6 creatures vanquished.

Vanquished Creatures (others)
  Menkaure (D)
1 creature vanquished.

Grand Total: 7 creatures vanquished

Notes
Turn   | Place    | Note
-------+----------+-------------------------------------------
     0 | D        | sircluck the Troll Berserker began the quest for the Orb.
     0 | D        | Reached XP level 1. HP: 22/22 MP: 0/0
     1 | D        | Noticed a neqoxec
     8 | D        | Killed a neqoxec
     9 | D        | Reached skill level 5 in Fighting
     9 | D        | Reached skill level 5 in Dodging
     9 | D        | Reached skill level 6 in Unarmed Combat
     9 | D        | Reached XP level 2. HP: 35/35 MP: 1/1
     9 | D        | Reached XP level 3. HP: 42/42 MP: 2/2
     9 | D        | Reached XP level 4. HP: 50/50 MP: 3/3
    19 | D        | Killed Menkaure
    37 | D        | Noticed a neqoxec
    37 | D        | Noticed a neqoxec
    37 | D        | Noticed a neqoxec
    44 | D        | Killed a neqoxec
    45 | D        | Reached skill level 7 in Unarmed Combat
    45 | D        | Reached XP level 5. HP: 57/61 MP: 4/4
    45 | D        | Gained mutation: Your body sometimes deteriorates upon
                  | taking damage. [a neqoxec]
    51 | D        | Killed a neqoxec
    51 | D        | Reached ** piety under Trog
    52 | D        | Reached skill level 8 in Unarmed Combat
    52 | D        | Reached XP level 6. HP: 63/71 MP: 5/5
    56 | D        | Gained mutation: You occasionally lose the ability to read
                  | scrolls when taking damage. [a neqoxec]
    58 | D        | Killed a neqoxec
    59 | D        | Reached skill level 9 in Unarmed Combat
    70 | D        | Noticed a water moccasin
    74 | D        | Killed a water moccasin
    75 | D        | Reached XP level 7. HP: 71/80 MP: 6/6
    81 | D        | Reached *** piety under Trog
   105 | D        | Found Ighel's Armour Emporium.
   107 | D        | Found Qasuo's Distillery.
   107 | D        | Found Bethuh's Antique Armour Shoppe.
   108 | D        | Found Luwn's Antique Weapon Shoppe.
   108 | D        | Found Bajiet's Antique Armour Emporium.
   109 | D        | Found Kuopluor's Magic Scroll Emporium.
   109 | D        | Found Teamaer's Jewellery Shoppe.
   110 | D        | Found Ofattonk's Antique Weapon Emporium.
   111 | D        | Found Vaohy's Distillery.
   111 | D        | Noticed a slime creature
   112 | D        | Found Guzeg's Book Shoppe.
   124 | D        | Noticed a wyvern
   124 | D        | Noticed a wyvern
   132 | D        | Mangled by a wyvern

Illustrated notes

Levels and vault maps discovered:
D:        the_violet_keep_of_menkaure [sprint2_stairs_cluster_1,
          sprint2_shoproom, sprint2_temple, sprint2_basic_supplies,
          sprint2_obstacle_5, sprint2_obstacle_3, sprint2_obstacle_7,
          sprint2_obstacle_2, sprint2_obstacle_4, sprint2_timed_cluster_1,
          sprint2_smallroom_cluster_1, sprint2_smallroom_final_cluster_1,
          sprint2_transparent_cluster_1, sprint2_second_timed_cluster_1,
          sprint2_sniper_area_1, sprint2_heavy_combat_area_1,
          sprint2_mutation_trap_area_1, sprint2_forest_area_1,
          sprint2_light_combat_area_1, sprint2_behind_water_1,
          sprint2_near_end_vault_1]

Skill      XL: |  1  2  3  4  5  6 |
---------------+-------------------+-----
Fighting       | 5 6 7 8 |  8.1
Dodging        | 5 6 7 8 |  8.0
Unarmed Combat | 6 7 8 9 |  9.6

Action                     |  1- 3 |  4- 6 |  7- 9 || total
---------------------------+-------+-------+-------++-------
  Melee: Unarmed           |     5 |    25 |     8 ||    38
 Invoke: Berserk           |     1 |       |       ||     1
 Armour: Animal skin       |     1 |    14 |    12 ||    27
  Dodge: Dodged            |       |     3 |     6 ||     9

Table legend: (Time is in decaauts)
 A = Elapsed time spent in this place.
 B = Non-inter-level travel time spent in this place.
 C = Inter-level travel time spent in this place.
 D = Time resting spent in this place.
 E = Time spent auto-exploring this place.
 F = Levels seen in this place.
 G = Mean time per level.
                   A        B        C        D        E       F      G
               +--------+--------+--------+--------+--------+-----+--------+
         Total |    136 |    136 |      0 |     38 |      0 |   1 |  136.0 |
       Dungeon |    136 |    136 |      0 |     38 |      0 |   1 |  136.0 |
               +--------+--------+--------+--------+--------+-----+--------+

Top non-repeatable levels by time:
       D: 136 daAuts
